 Dungeon Sprint DCSS version 0.32-a0-683-ge26c5dbc97 (webtiles) character file.

Game seed: 8460866511982494630

8498 Revguard the Grappler (level 11, -1/125 HPs)
             Began as a Troll Monk on Mar 12, 2024.
             Slain by a death scarab (5 damage)
             ... summoned by a royal mummy
             ... in the Dungeon (Sprint V: "Ziggurat Sprint").
             The game lasted 00:09:31 (614 turns).

Revguard the Grappler (Troll Monk)                   Turns: 614, Time: 00:09:33

Health: -1/125     AC: 23    Str: 21    XL:     11   Next: 10%
Magic:  0/10       EV:  6    Int:  6    God:
Gold:   0          SH:  2    Dex: 16    Spells: 10/10 levels left

rFire   + .          .
                       - Unarmed
rCold   + . .        (no shield)
rNeg    + . .        E - +9 gold dragon scales
rPois   +            (helmet currently unavailable)
rElec   +            (cloak currently unavailable)
rCorr   .            (gloves unavailable)
SInv    +            (boots unavailable)
Will    .....        w - amulet of guardian spirit Stlth
                     v - ring of the Octopus King {rC+ HP+2 AC+2 EV+2 SH+2}
HPRegen 1.20/turn    u - ring of Existentialism {rElec rPois rC- rN+ SInv}
MPRegen 0.12/turn

%: no teleportation, guardian spirit
@: beast-form, slowed, invisible, very slow
A: beast (slay +4), large, unfitting armour, claws 3, regeneration 1, shaggy fur
1, tough skin 1, deformed body
a: Begin Untransformation


You were in the Dungeon.
You were a hulking beast.
You visited 1 branch

Inventory:

Armour
 c - an orb of light
 E - +9 gold dragon scales (worn)
Jewellery
 u - the ring of Existentialism (right claw) {rElec rPois rC- rN+ SInv}
   (You found it in the Dungeon)

   [ring of positive energy]

   rC-:       It makes you vulnerable to cold.
   rElec:     It insulates you from electricity.
   rPois:     It protects you from poison.
   rN+:       It protects you from negative energy.
   SInv:      It lets you see invisible.
 v - a ring of the Octopus King (left claw) {rC+ HP+2 AC+2 EV+2 SH+2}
   (You found it in the Dungeon)

   [ring of protection from cold]

   AC+2:      It affects your AC (+2).
   EV+2:      It affects your evasion (+2).
   rC+:       It protects you from cold.
   HP+2:      It affects your health (+2).
   SH+2:      It affects your SH (+2).
 w - an amulet of guardian spirit (around neck)
Talismans
 B - a beast talisman (active)
 C - a blade talisman
Wands
 s - a wand of mindburst (19)
 t - a wand of flame (22)
 D - a wand of quicksilver (5)
Scrolls
 i - a scroll of brand weapon
 o - 4 scrolls of amnesia
 p - 7 scrolls of fog
 q - 5 scrolls of identify
 r - a scroll of fear
Potions
 b - a potion of ambrosia
 d - 8 potions of curing
 e - a potion of heal wounds
 f - 5 potions of haste
 g - 7 potions of magic
 h - 2 potions of berserk rage
 j - 2 potions of brilliance
 l - 4 potions of resistance
 n - 5 potions of might


   Skills:
 * Level 12.0 Fighting
 + Level 8.4 Armour
 + Level 8.9 Dodging
 * Level 14.1 Unarmed Combat
 + Level 7.3 Evocations
 + Level 8.8 Shapeshifting


You had 10 spell levels left.
You didn't know any spells.
Your spell library contained the following spells:

 Spells                   Type           Power      Damage    Failure   Level
 Apportation              Tloc           0%         N/A       100%        1
 Jinxbite                 Hex            0%         N/A       100%        2
 Momentum Strike          Conj/Tloc      0%         3d8       100%        2
 Confusing Touch          Hex            0%         N/A       100%        3
 Swiftness                Air            0%         N/A       100%        3
 Animate Dead             Necr           0%         N/A       100%        4
 Brom's Barrelling Bould  Conj/Erth      0%         2d3       100%        4
 Manifold Assault         Tloc           0%         N/A       100%        4
 Alistair's Intoxication  Alch           0%         N/A       100%        5
 Borgnjor's Vile Clutch   Necr/Erth      0%         N/A       100%        5
 Fireball                 Conj/Fire      0%         3d3       100%        5
 Iskenderun's Battlesphe  Conj           0%         2d6       100%        5
 Silence                  Hex/Air        0%         N/A       100%        5
 Conjure Ball Lightning   Conj/Air       0%         3x3d6     100%        6
 Death Channel            Necr           0%         N/A       100%        6
 Dispersal                Tloc           0%         N/A       100%        6
 Orb of Destruction       Conj           0%         9d5       100%        7
 Disjunction              Tloc           0%         N/A       100%        8
 Chain Lightning          Conj/Air       0%         N/A       100%        9


Dungeon Overview and Level Annotations

Branches:
Dungeon (1/1)

Altars:
Ashenzari
Cheibriados
Dithmenos
Elyvilon
Fedhas
Gozag
Hepliaklqana
Kikubaaqudgha
Makhleb
Nemelex Xobeh
Okawaru
Qazlal
Ru
Sif Muna
Trog
Uskayaw
Vehumet
Wu Jian
Xom
Yredelemnul
Zin
The Shining One
Beogh
Jiyva
Lugonu

Annotations:
D 1 transporter


Innate Abilities, Weirdness & Mutations

You are a hulking beast.
Your limbs bulge with bestial killing power. (Slay +4)
You are too large for most types of armour.
You have claws for hands.
Your natural rate of healing is unusually fast.
You are covered in fur. (AC +1)
You have tough skin. (AC +1)
Armour fits poorly on your strangely shaped body.


Message History

* * * LOW HITPOINT WARNING * * *
The death scarab drains your vigour!
You feel as though you will be slow longer.
The death scarab draws strength from your injuries!
The giant cockroach zombie closely misses you.
The death scarab's many legs skitter faintly.
You block the death scarab's attack. The death scarab bites you!
* * * LOW HITPOINT WARNING * * *
The death scarab drains your vigour!
You feel as though you will be slow longer.
The death scarab draws strength from your injuries!
The death scarab bites you but does no damage.
The emperor scorpion stings you.
* * * LOW HITPOINT WARNING * * *
You are lethally poisoned!
The emperor scorpion poisons you!
The emperor scorpion claws you but does no damage. x2
Unknown command.
You feel much better.
* * * LOW HITPOINT WARNING * * *
You feel extremely sick.
The death scarab bites you but does no damage.
The death scarab barely misses you. x2
The death scarab bites you but does no damage. x3
The giant cockroach zombie completely misses you.
The emperor scorpion barely misses you. x2; The emperor scorpion claws you.
* * * LOW HITPOINT WARNING * * *
The death scarab barely misses you.
The emperor scorpion stings you but does no damage.
The emperor scorpion completely misses you.
The emperor scorpion claws you but does no damage.
The death scarab's many legs skitter faintly.
Okay, then.
You feel better.
The death scarab's many legs skitter faintly.
The death scarab completely misses you. The death scarab bites you!!
* * * LOW HITPOINT WARNING * * *
The death scarab draws strength from your injuries!
The death scarab bites you.
You die...

▓▓▓▓▓▓▓▓▓▓▓▓▓▓▓▓▓▓▓
▓...ß©ß...▓...ß©ß...▓
▓..||)))..▓...=.)...▓
▓..)))!/..▓...||)[..▓
▓..M......▓††.......▓
▓..ZsM....▓†..=.....▓
▓.sMBMZ...▓.........▓
▓.ssBsMZ..▓.........▓
▓..BshB...▓.........▓
▓.▓BB.M.▓.▓....©....▓
▓..B.©B...▓▓▓▓▓▓▓▓▓▓▓
▓▓▓▓▓▓▓▓▓▓▓


You could see a royal mummy, 6 emperor scorpions, 2 guardian mummies, 8 death
scarabs, 3 mummies, 2 giant cockroach zombies and an adder skeleton (unable to
see you).

Vanquished Creatures
  A deep elf demonologist (D)
  3 dancing weapons (D)
  A two-headed ogre (D)
  A wolf spider (D)
  A cyclops (D)
  3 ugly things (D)
  2 tarantellas (D)
  A raiju (shapeshifter) (D)
  A raiju (D)
  3 jumping spiders (D)
  A fire elemental (D)
  A yak (D)
  A steam dragon (D)
  2 redbacks (D)
  2 neqoxecs (D)
  An acid dragon (shapeshifter) (D)
  A water moccasin (D)
  A hell hound (D)
  A wolf (D)
  A tengu (shapeshifter) (D)
  A bullfrog (D)
  5 scorpions (D)
  An earth elemental (D)
  A crimson imp (D)
  An iron imp (D)
  4 mummies (D)
  2 shadow imps (D)
  A white imp (D)
  A ribbon worm (shapeshifter) (D)
  2 bat zombies (D)
  2 ball python skeletons (D)
50 creatures vanquished.

Vanquished Creatures (others)
  A dancing weapon (D)
  A wolf (D)
  A river rat (D)
  An ufetubus (D)
  A jackal (D)
5 creatures vanquished.

Grand Total: 55 creatures vanquished

Notes
Turn   | Place    | Note
-------+----------+-------------------------------------------
     0 | D        | Revguard the Troll Monk began the quest for the Orb.
     0 | D        | Reached XP level 1. HP: 22/22 MP: 0/0
     0 | D        | Found a blossoming altar of Fedhas.
     0 | D        | Found the +6 Majin-Bo {spellvamp, MP+6 Int+6}
     0 | D        | Found the +27 heavy crossbow "Sniper" {heavy, Acc+∞ SInv}
     0 | D        | Found the +10 dark maul {heavy}
     0 | D        | Found the +15 Maxwell's patent armour {-Cast -Tele rElec
                  | Will+ rCorr}
     0 | D        | Found the +18 shield of the Gong {Loud rN+ Will+ rCorr
                  | EV-5}
     0 | D        | Found the +16 obsidian axe {drain, demonic, Mesm ^Drain Fly
                  | SInv}
     0 | D        | Found the +7 great mace "Firestarter" {flame, immolate,
                  | rFlCloud rF++}
     0 | D        | Found the +6 shillelagh "Devastator" {shatter}
     0 | D        | Found the +11 plutonium sword {^Contam Stlth-}
     0 | D        | Found the +8 lance "Wyrmbane" {slay drac, rPois rF+ rC+
                  | AC+3}
     0 | D        | Found the +9 sword of Zonguldrok {reap}
     0 | D        | Found the +13 scythe of Curses {drain, curses, ^Drain}
     0 | D        | Found the +9 sword of Power {lifebolt}
     0 | D        | Found the +7 mace of Variability {chaos, chaos arc}
     0 | D        | Found the +11 Singing Sword {sonic wave}
     0 | D        | Found the +8 storm bow {elec, penet}
     1 | D        | Found a shimmering blue altar of Sif Muna.
     1 | D        | Found a sacrificial altar of Ru.
     1 | D        | Found a bloodstained altar of Trog.
     1 | D        | Found a stormy altar of Qazlal.
     1 | D        | Found an iron altar of Okawaru.
     1 | D        | Found a sparkling altar of Nemelex Xobeh.
     3 | D        | Found a transporter.
     3 | D        | Found an ancient bone altar of Kikubaaqudgha.
     3 | D        | Found a viscous altar of Jiyva.
     3 | D        | Found a corrupted altar of Lugonu.
     3 | D        | Found a hazy altar of Hepliaklqana.
     3 | D        | Found a burning altar of Makhleb.
     3 | D        | Found an opulent altar of Gozag.
    71 | D        | Reached skill level 1 in Armour
    71 | D        | Reached skill level 4 in Unarmed Combat
    71 | D        | Reached skill level 1 in Evocations
    71 | D        | Reached XP level 2. HP: 32/32 MP: 1/1
    78 | D        | Entered arena 2.
    78 | D        | Noticed a two-headed ogre
    78 | D        | Noticed a cyclops
    78 | D        | Found a transporter.
    86 | D        | Killed a two-headed ogre
    87 | D        | Reached skill level 5 in Dodging
    87 | D        | Reached skill level 8 in Unarmed Combat
    87 | D        | Reached XP level 3. HP: 9/46 MP: 2/2
    87 | D        | Reached XP level 4. HP: 11/55 MP: 3/3
    87 | D        | Reached XP level 5. HP: 13/62 MP: 4/4
    87 | D        | Reached XP level 6. HP: 15/71 MP: 5/5
    87 | D        | Reached XP level 7. HP: 16/78 MP: 6/6
    87 | D        | Killed a cyclops
    88 | D        | Reached skill level 5 in Armour
    88 | D        | Reached skill level 9 in Unarmed Combat
    88 | D        | Reached skill level 5 in Shapeshifting
   146 | D        | Entered arena 3.
   146 | D        | Found a transporter.
   149 | D        | Reached XP level 8. HP: 63/88 MP: 7/7
   166 | D        | Entered arena 4.
   166 | D        | Found a transporter.
   191 | D        | Entered arena 5.
   191 | D        | Noticed a jumping spider
   191 | D        | Noticed a jumping spider
   191 | D        | Found a transporter.
   194 | D        | Reached skill level 10 in Unarmed Combat
   197 | D        | Killed a jumping spider
   198 | D        | Reached skill level 5 in Evocations
   203 | D        | Killed a jumping spider
   229 | D        | Entered arena 6.
   229 | D        | Noticed a raiju
   229 | D        | Found a transporter.
   231 | D        | Killed a raiju
   246 | D        | Got the ring of Existentialism {rElec rPois rC- rN+ SInv}
   250 | D        | Entered arena 7.
   250 | D        | Found the +5 glaive of the Guard {elec, spectral}
   250 | D        | Noticed a red ugly thing
   250 | D        | Noticed a raiju
   250 | D        | Noticed a green ugly thing
   250 | D        | Noticed a white ugly thing
   251 | D        | Found a transporter.
   255 | D        | Killed a raiju
   256 | D        | Reached skill level 11 in Unarmed Combat
   256 | D        | Reached XP level 9. HP: 41/98 MP: 8/8
   256 | D        | Killed a white ugly thing
   258 | D        | Killed a green ugly thing
   262 | D        | Killed a red ugly thing
   262 | D        | Gained mutation: Armour fits poorly on your strangely
                  | shaped body. [a neqoxec]
   263 | D        | Reached skill level 10 in Fighting
   265 | D        | Reached skill level 12 in Unarmed Combat
   332 | D        | Entered arena 8.
   332 | D        | Found the ring of the Octopus King {rC+ HP+2 AC+2 EV+2
                  | SH+2}
   332 | D        | Found the crystal ball of Wucad Mu {*channel}
   333 | D        | Found a transporter.
   351 | D        | Got a ring of the Octopus King {rC+ HP+2 AC+2 EV+2 SH+2}
   366 | D        | Entered arena 9.
   366 | D        | Noticed a +2 halberd of venom
   366 | D        | Noticed a +3 mace of draining
   366 | D        | Noticed a +1 heavy glaive
   366 | D        | Noticed a +3 mace of draining
   366 | D        | Noticed a deep elf demonologist
   368 | D        | Killed a +3 mace of draining
   369 | D        | Reached XP level 10. HP: 111/111 MP: 9/9
   370 | D        | Noticed a green death
   371 | D        | Noticed an Ice Fiend
   372 | D        | Found a transporter.
   373 | D        | Noticed an orange demon
   375 | D        | Killed a deep elf demonologist
   386 | D        | Killed a +2 halberd of venom
   387 | D        | Reached skill level 13 in Unarmed Combat
   389 | D        | Killed a +3 mace of draining
   392 | D        | Killed a +1 heavy glaive
   443 | D        | Entered arena 10.
   444 | D        | Found a transporter.
   468 | D        | Got the Secrets of the Invisible Nights
   478 | D        | Entered arena 11.
   478 | D        | Found the +9 staff of Olgreb {rPois∞}
   478 | D        | Noticed a wolf spider
   479 | D        | Found a transporter.
   498 | D        | Killed a wolf spider
   499 | D        | Reached XP level 11. HP: 49/123 MP: 10/10
   506 | D        | Reached skill level 14 in Unarmed Combat
   508 | D        | HP: 4/125 [redback (9)]
   534 | D        | Got the amulet "Lesaduak" {Faith Int+2}
   540 | D        | Got the Octavo of Bewitching Vapour
   605 | D        | Entered arena 12.
   605 | D        | Noticed a royal mummy
   606 | D        | Noticed a death scarab
   606 | D        | Noticed a death scarab
   606 | D        | Noticed a death scarab
   608 | D        | Found a transporter.
   609 | D        | Noticed an emperor scorpion
   609 | D        | Noticed an emperor scorpion
   610 | D        | Noticed a death scarab
   610 | D        | Noticed a death scarab
   610 | D        | Noticed a death scarab
   610 | D        | Noticed a death scarab
   610 | D        | Noticed a death scarab
   610 | D        | Noticed a death scarab
   610 | D        | Noticed a death scarab
   610 | D        | Noticed a death scarab
   612 | D        | Noticed an emperor scorpion
   612 | D        | Noticed an emperor scorpion
   612 | D        | Noticed an emperor scorpion
   612 | D        | Noticed an emperor scorpion
   612 | D        | HP: 2/125 [emperor scorpion[a royal mummy] (5)]
   614 | D        | Slain by a death scarab

Illustrated notes

Levels and vault maps discovered:
D:        sprint_v [room_start, room_1, room_2, room_3, room_4, room_5, room_6,
          room_7, room_8, room_9, room_10, room_11, room_12, room_13, room_14,
          room_15, room_16, room_17, room_18, room_19, room_20, room_21,
          room_22, room_23, room_24, room_25, room_26, room_27]

Skill      XL: |  1  2  3  4  5  6  7  8  9 10 11 |
---------------+----------------------------------+-----
Fighting       | 3 7 8 9 10 11 12 | 12.0
Armour         | 1 4 5 6 7 8 |  8.4
Dodging        | 3 5 6 7 8 |  8.9
Unarmed Combat | 4 8 9 11 12 13 14 | 14.1
Evocations     | 1 4 5 6 7 |  7.3
Shapeshifting  | 2 4 5 6 7 8 |  8.8

Action                     |  1- 3 |  4- 6 |  7- 9 | 10-12 || total
---------------------------+-------+-------+-------+-------++-------
  Melee: Unarmed           |     1 |       |    46 |    46 ||    93
         Punch             |       |       |     3 |     4 ||     7
  Evoke: Wand              |     4 |       |     8 |     7 ||    19
    Use: Potion            |     3 |       |       |    13 ||    16
         Scroll            |     1 |       |     4 |     4 ||     9
   Stab: Invisible         |       |       |       |     5 ||     5
 Armour: Gold dragon scale |     7 |       |    41 |   198 ||   246
  Dodge: Dodged            |     2 |       |    20 |    49 ||    71
  Block: Other             |       |       |       |     6 ||     6
   Form: Beast             |     1 |       |       |       ||     1

Table legend: (Time is in decaauts)
 A = Elapsed time spent in this place.
 B = Non-inter-level travel time spent in this place.
 C = Inter-level travel time spent in this place.
 D = Time resting spent in this place.
 E = Time spent auto-exploring this place.
 F = Levels seen in this place.
 G = Mean time per level.
                   A        B        C        D        E       F      G
               +--------+--------+--------+--------+--------+-----+--------+
         Total |    593 |    593 |      0 |    192 |      0 |   1 |  593.0 |
       Dungeon |    593 |    593 |      0 |    192 |      0 |   1 |  593.0 |
               +--------+--------+--------+--------+--------+-----+--------+

Top non-repeatable levels by time:
       D: 593 daAuts
